 Dungeon Crawl Stone Soup version 0.28.0 (webtiles) character file.

Game seed: 5149111318741239352

554905 lake5 the Conqueror (level 25, -3/257 HPs)
             Began as a Minotaur Berserker on Feb 9, 2022.
             Was a High Priest of Trog.
             Killed from afar by an orb of fire (30 damage)
             ... with a fireball
             ... on level 5 of the Realm of Zot on Feb 12, 2022.
             The game lasted 06:37:36 (71911 turns).

lake5 the Conqueror (Minotaur Berserker)           Turns: 71911, Time: 06:37:36

Health: -3/257     AC: 26    Str: 31    XL:     25   Next: 16%
Magic:  22/22      EV: 42    Int:  2    God:    Trog [*****.]
Gold:   5689       SH: 29    Dex: 18    Spells: 24/24 levels left

rFire   + + .      SeeInvis +   Q - +9 demon whip (flame)
rCold   + . .      Faith    .   Y - +6 tower shield {reflect}
rNeg    + + .      Spirit   .   D - +7 scale mail of Nihilism {Will++ Regen+ Stlth+}
rPois   +          Reflect  +   Z - +1 hat
rElec   +          Harm     .   A - scarf {rC+ rF+}
rCorr   .          Rampage  .   f - +0 pair of gloves
Will    ++++.      Rage     1%  V - +1 pair of boots "Cidatreaw" {Will+ Dex+3}
Stlth   +.........              H - amulet of the acrobat
HPRegen 0.00/turn               F - ring of Tiuts {rElec rPois rF+ Int-4 Dex+6}
MPRegen 0.18/turn               s - ring "Giobor" {rPois rN++ Int+6 Dex-4 SInv}

@: acrobatic, inhibited regen, studying Short Blades
A: horns 2, retaliatory headbutt, berserk 1, dopey 2, inhibited regeneration
}: 3/15 runes: decaying, silver, gossamer
a: Renounce Religion, Berserk, Trog's Hand, Brothers in Arms


You were on level 5 of the Realm of Zot.
You worshipped Trog.
Trog was extremely pleased with you.
You visited 9 branches of the dungeon, and saw 46 of its levels.
You visited 2 bazaars.
You also visited: Trove and Ice Cave.

You collected 9007 gold pieces.
You spent 3318 gold pieces at shops.

Inventory:

Hand Weapons
 b - a +4 hand crossbow of flaming
 B - the +7 morningstar "Poisk" {flame, *Rage rPois rCorr Str+4}
   (Trog gifted it to you on level 5 of the Realm of Zot)

   It burns those it strikes, dealing additional fire damage.
   Str:       It affects your strength (+4).
   rPois:     It protects you from poison.
   *Rage:     It berserks you when you make melee attacks (+20% chance).
   rCorr:     It protects you from acid and corrosion.
 K - a +3 antimagic eveningstar
 Q - a +9 demon whip of flaming (weapon)
Missiles
 n - 8 datura-tipped darts (quivered)
 J - 1337 bolts
 O - 7 atropa-tipped darts
 R - 19 javelins
 U - 4 boomerangs of dispersal
Armour
 f - a +0 pair of gloves (worn)
 A - a scarf of resistance (worn)
 C - +0 gold dragon scales
 D - the +7 scale mail of Nihilism (worn) {Will++ Regen+ Stlth+}
   (You found it on level 6 of the Dungeon)

   Regen:     It increases your rate of health regeneration.
   Will:      It greatly increases your willpower.
   Stlth:     It makes you more stealthy.
 L - a +3 plate armour of positive energy
 P - a +0 cloak of willpower
 V - the +1 pair of boots "Cidatreaw" (worn) {Will+ Dex+3}
   (You found it on level 10 of the Dungeon)

   Dex:       It affects your dexterity (+3).
   Will:      It increases your willpower.
 Y - a +6 tower shield of reflection (worn)
 Z - a +1 hat (worn)
Jewellery
 a - the ring of Psychosis {rF+ rN+ Will+ rCorr Dex-5}
   (You found it in a treasure trove)

   [ring of positive energy]

   Dex:       It affects your dexterity (-5).
   rF:        It protects you from fire.
   rN:        It protects you from negative energy.
   rCorr:     It protects you from acid and corrosion.
   Will:      It increases your willpower.
 e - the amulet "Quciaci" {Spirit Dex+5}
   (You found it in a treasure trove)

   [amulet of guardian spirit]

   It causes incoming damage to be divided between your reserves of health and
   magic.
   Dex:       It affects your dexterity (+5).
 p - the ring of Rezics {rElec rC+ rN+++ SInv Stlth-}
   (You found it on level 3 of the Elven Halls)

   [ring of protection from cold]

   rC:        It protects you from cold.
   rElec:     It insulates you from electricity.
   rN:        It renders you almost immune to negative energy.
   SInv:      It lets you see invisible.
   Stlth:     It makes you less stealthy.
 s - the ring "Giobor" (right hand) {rPois rN++ Int+6 Dex-4 SInv}
   (You bought it in a shop on level 2 of the Dungeon)

   [ring of intelligence]

   Int:       It affects your intelligence (+6).
   Dex:       It affects your dexterity (-4).
   rPois:     It protects you from poison.
   rN:        It greatly protects you from negative energy.
   SInv:      It lets you see invisible.
 w - the ring of Shadows {Umbra +Inv Stlth+}
   (You took it off a deep elf death mage on level 3 of the Elven Halls)

   [ring of stealth]

   It surrounds you with an aura of shadow, increasing your stealth and reducing
   the accuracy of all others within it.
   +Inv:      It lets you turn invisible.
   Stlth:     It makes you more stealthy.
 F - the ring of Tiuts (left hand) {rElec rPois rF+ Int-4 Dex+6}
   (You took it off a deep elf demonologist on level 3 of the Elven Halls)

   [ring of dexterity]

   Int:       It affects your intelligence (-4).
   Dex:       It affects your dexterity (+6).
   rF:        It protects you from fire.
   rElec:     It insulates you from electricity.
   rPois:     It protects you from poison.
 H - an amulet of the acrobat (around neck)
 W - the ring of Ylum {rF+ Str+3 Int-3}
   (You found it on level 3 of the Elven Halls)

   [ring of protection from fire]

   Str:       It affects your strength (+3).
   Int:       It affects your intelligence (-3).
   rF:        It protects you from fire.
 X - the ring "Tozeant" {Str+6 Stlth+}
   (You took it off a deep elf annihilator on level 3 of the Elven Halls)

   [ring of strength]

   Str:       It affects your strength (+6).
   Stlth:     It makes you more stealthy.
Wands
 m - a wand of iceblast (55)
 y - a wand of digging (23)
Scrolls
 c - 8 scrolls of fog
 d - 17 scrolls of teleportation
 g - 5 scrolls of immolation
 h - 2 scrolls of summoning
 j - 16 scrolls of fear
 o - 11 scrolls of blinking
 v - 6 scrolls of magic mapping
 z - 2 scrolls of silence
 N - a scroll of enchant armour
 T - a scroll of enchant weapon
Potions
 i - 5 potions of ambrosia
 k - 4 potions of might
 l - 16 potions of mutation
 r - 4 potions of flight
 u - 9 potions of heal wounds
 x - 3 potions of resistance
 E - 17 potions of curing
 G - 10 potions of haste
 I - 5 potions of cancellation
 M - 3 potions of invisibility
 S - 2 potions of berserk rage
Miscellaneous
 q - a condenser vane
 t - a condenser vane


   Skills:
 O Level 27 Fighting
 - Level 12.0 Maces & Flails
 + Level 7.6 Crossbows
 - Level 5.0 Throwing
 O Level 27 Armour
 O Level 27 Dodging
 + Level 21.5 Shields
 + Level 9.9 Evocations


You had 24 spell levels left.
You didn't know any spells.
Your spell library was empty.

Dungeon Overview and Level Annotations

Branches:
Dungeon (15/15)            Temple (0/1) D:7            Lair (4/6) D:10
  Swamp (4/4) Lair:4       Spider (4/4) Lair:3          Orc (2/2) D:10
    Elf (3/3) Orc:2        Vaults (5/5) D:14          Crypt (0/3) Vaults:2
 Depths (4/4) D:15            Zot (5/5) Depths:4      IceCv (visited)

Altars:
Elyvilon
Fedhas
Hepliaklqana
Kikubaaqudgha
Makhleb
Okawaru
Trog
Uskayaw
Vehumet
Wu Jian
Xom
Yredelemnul
Zin
Beogh

Shops:
D:2 *   D:4 *   D:12 *   Orc:2 :(*[!   Vaults:4 =   Depths:1 *   Depths:4 :

Portals:
Hell: Depths:1 Depths:2 Depths:3 Depths:4
Abyss: Depths:2 Depths:3 Depths:4
Pandemonium: Depths:2
Ziggurat: Depths:4

Annotations:
D:5 2 transporters, BecksGhost's ghost, novice GrBe
D:12 2 transporters, Tinen's ghost, journeyman TrMo
Depths:4 2 transporters, xzight's ghost, legendary MiBe


Innate Abilities, Weirdness & Mutations

You have a pair of horns on your head.
You reflexively headbutt those who attack you in melee.
You tend to lose your temper in combat.
You are very dopey. (Int -4)
You do not regenerate when monsters are visible.


Message History

The bolt of fire hits the orb of fire.
The orb of fire completely resists.
The bolt of fire misses you.
The orb of fire glows deep purple.
The fireball explodes!
The fireball engulfs you!! You resist.
The fireball engulfs the orb of fire.
The orb of fire completely resists.
You hear a deafening roar!
The orb of fire glows red.
The bolt of fire hits you! You resist.
The orb of fire glows bright magenta.
Strange energies course through your body.
You feel stupid.
The orb of fire glows bright magenta.
The bolt of fire hits the orb of fire.
The orb of fire completely resists.
The bolt of fire hits you!! You resist.
The dread lich gestures wildly while chanting.
The dread lich seems to speed up.
The Orb Guardian is no longer berserk.
The orb of fire glows bright magenta.
The bolt of fire hits you!! You resist.
The orb of fire glows deep purple.
The fireball explodes!
The fireball engulfs you!! You resist.
* * * LOW HITPOINT WARNING * * *
The orb of fire glows yellow.
The fireball explodes!
The fireball engulfs you!! You resist.
* * * LOW HITPOINT WARNING * * *
The orb of fire glows deep purple.
The bolt of fire hits you! You resist.
* * * LOW HITPOINT WARNING * * *
The orb of fire glows yellow.
Strange energies course through your body.
You feel stupid.
The orb of fire emits a lurid red light.
Strange energies course through your body.
You feel a little pissed off.
The orb of fire glows bright magenta.
The fireball explodes!
The fireball engulfs you. You resist.
* * * LOW HITPOINT WARNING * * *
The orb of fire glows red.
The fireball explodes!
The fireball engulfs you!! You resist.
You die...

#.####'######.P♣ ♣PP.##.#
######⌠# #......'.P♣ ♣PP.##.#
....##.# #..#####.P♣ ♣PP.##.###
###.##.####..# #.P♣♣♣♣PP.##....
#..........# #.PPPPPPP.##.###
###..######..# #.........##.#
.....# ##.# #######+####.###
####.# #.########..L...[.....
####'##### #....@..***##.####.##.
.........# #.########.##.# #.##.
.........###'###### #.##*## #....
.^................###...L*# ##⌠#.
...........<......'...###.# #.#.
..................##### #*####'##
..................# #.#......
..................# #.#......
..................#######.#......


You could see 3 orbs of fire and a dread lich (fast, invisible).

Vanquished Creatures
  5 ancient liches
  Mara (Swamp:4)
  A shard shrike (Zot:3)
  Xtahua (Vaults:3)
  2 Killer Klowns (Zot:2)
  A curse toe (Zot:5)
  Nikola (Spider:4)
  7 golden dragons
  3 hellephants
  An electric golem (Zot:2)
  Jorgrun (Spider:2)
  Rupert (Orc:2)
  3 liches
  14 tentacled monstrosities
  11 Orb Guardians (Zot:5)
  5 titans
  Asterion (Spider:1)
  3 deep elf master archers (Elf:3)
  A deep elf blademaster (Elf:3)
  8 quicksilver dragons
  9 death cobs
  Donald (Vaults:4)
  Agnes (Spider:1)
  A thorn hunter (Swamp:4)
  5 tengu reavers
  6 sphinxes
  18 storm dragons
  A fenstrider witch (shapeshifter) (Vaults:5)
  8 shadow dragons
  Roxanne (Spider:1)
  Kirke (Swamp:3)
  10 draconian monks
  2 fenstrider witches (Swamp:4)
  The ghost of GilGalad the Fighter, a journeyman MiFi of Makhleb (Spider:1)
  9 deep elf sorcerers
  9 fire giants
  7 frost giants
  6 draconian knights
  3 orc warlords
  Aizul (Spider:3)
  4 draconian stormcallers
  6 emperor scorpions
  4 ghost moths
  An iron dragon (Depths:3)
  8 draconian scorchers
  2 draconian shifters (Zot:4)
  10 vault wardens
  14 ironbound preservers
  4 draconian annihilators (Zot:4)
  2 war gargoyles (Vaults:4)
  A ghoul (Swamp:4)
  A spriggan defender (Depths:2)
  The ghost of Lemondrips the Severer, a journeyman GrBe of Trog (Orc:2)
  3 deep elf elementalists (Elf:3)
  2 broodmothers (Spider:1)
  12 stone giants
  2 vampire knights
  37 very ugly things
  Nessos (Orc:2)
  4 eleionomae
  13 ironbound thunderhulks
  15 dire elephants
  A dire elephant (shapeshifter) (Vaults:4)
  7 deep elf annihilators (Elf:3)
  15 red draconians
  10 entropy weavers
  11 black draconians
  7 green draconians
  6 deep elf demonologists
  6 spark wasps
  5 bunyips
  6 yellow draconians
  9 purple draconians
  8 white draconians
  The ghost of qdestroyer the Cleaver, a journeyman MiFi of Trog (D:13)
  4 deep elf death magi
  4 deep elf high priests (Vaults:5)
  A crystal guardian (Vaults:3)
  Snorg (D:13)
  15 ettins
  15 yaktaur captains
  The ghost of browni3141 the Fighter, a journeyman MiBe of Trog (Orc:2)
  4 fire dragons
  9 great orbs of eyes
  30 vault guards
  18 hydras
  2 ogre magi
  2 rakshasas (Depths:2)
  Erolcha (D:13)
  9 boulder beetles
  5 ice dragons
  A hell beast (Depths:1)
  A peacekeeper (Vaults:3)
  3 spriggan air magi
  A naga warrior (D:13)
  5 radroaches
  A catoblepas (D:11)
  3 ghost crabs
  11 ironbound frosthearts
  18 centaur warriors
  30 dancing weapons
  4 death knights
  11 two-headed ogres
  2 deep troll earth magi
  5 deep troll shamans
  5 hell hogs
  3 orc high priests (Orc:2)
  6 tengu warriors
  6 alligators
  A vampire mage (Depths:4)
  A shock serpent (Depths:1)
  2 spriggan berserkers
  Urug (D:10)
  A soul eater (Depths:1)
  9 deep elf knights
  A sun demon (Depths:1)
  18 hell knights
  Nergalle (Lair:3)
  A large abomination (Elf:1)
  A deep troll (shapeshifter) (Vaults:5)
  5 pharaoh ants
  10 skeletal warriors
  7 goliath frogs
  A shadow wraith (Vaults:5)
  2 sun moths
  6 iron trolls
  2 spriggan druids
  15 deep elf archers
  3 death drakes
  10 orb spiders
  42 deep trolls
  3 flayed ghosts
  7 bog bodies
  11 steelbarb worms
  A glowing orange brain (Depths:2)
  A naga ritualist (Depths:1)
  8 swamp dragons
  9 necromancers
  6 phantasmal warriors
  14 wizards
  A spectral wolf spider (D:13)
  19 ironbound convokers
  Pikel (D:8)
  A harpy (Vaults:2)
  4 orc knights (Orc:2)
  12 deep elf pyromancers
  11 oklob plants (Zot:1)
  13 lindwurms
  42 ugly things
  29 deep elf zephyrmancers
  14 wolf spiders
  6 orc sorcerers
  A manticore (shapeshifter) (Vaults:5)
  A salamander (Depths:3)
  A spectral centaur (D:13)
  2 cyclopes
  3 manticores
  3 will-o-the-wisps (Swamp:4)
  22 moths of wrath
  3 black mambas
  12 elephants
  4 centaur zombies
  4 molten gargoyles (D:10)
  17 vault sentinels
  9 cane toads
  5 smoke demons (Depths:1)
  6 torpor snails
  8 demonic crawlers
  12 komodo dragons
  2 unseen horrors
  A rime drake (shapeshifter) (D:14)
  A rime drake (Lair:3)
  A komodo dragon (shapeshifter) (D:15)
  An efreet (D:12)
  6 freezing wraiths
  3 ice devils
  31 yaktaurs
  3 tengu conjurers
  23 meliai
  3 trolls
  A meliai (shapeshifter) (Vaults:5)
  11 tyrant leeches
  A wind drake (shapeshifter) (D:14)
  7 hornets
  2 wolf spider simulacra (D:13)
  24 slime creatures
  17 tarantellas
  7 blink frogs
  24 culicivoras
  32 jumping spiders
  A centaur simulacrum (D:13)
  8 spriggans
  2 air elementals
  2 shadows
  3 vampires
  5 wraiths
  40 yaks
  A fire bat (shapeshifter) (D:15)
  2 fire elementals
  9 humans (Zot:2)
  2 wyverns
  3 basilisks
  3 water elementals
  9 vampire mosquitoes
  5 hogs (Swamp:3)
  A steam dragon (D:9)
  64 redbacks
  4 wargs
  2 harpy simulacra
  A swamp worm (shapeshifter) (D:13)
  2 nagas (Depths:1)
  A hell hound (Spider:2)
  An acid dragon (D:13)
  10 water moccasins
  18 swamp worms
  A floating eye (shapeshifter) (Vaults:5)
  2 hydra simulacra (Zot:3)
  33 orc warriors
  13 swamp drakes
  5 necrophages
  2 black bears
  11 ogres
  A sky beast (D:6)
  4 phantoms
  11 centaurs
  A lemure (D:8)
  2 kobold brigands (D:8)
  An elf zombie (Elf:1)
  7 bullfrogs
  5 earth elementals
  A cane toad simulacrum (IceCv)
  3 troll zombies (D:10)
  6 killer bees (D:8)
  An elephant simulacrum (IceCv)
  5 spriggan skeletons (D:12)
  A troll skeleton (D:12)
  3 howler monkeys
  5 electric eels
  A lava snake (D:10)
  2 hounds
  3 jellies
  26 orc priests
  2 gnoll shamans (D:5)
  2 bullfrog skeletons (D:6)
  Ijyb (D:4)
  28 orc wizards
  A wolf simulacrum (IceCv)
  A polar bear simulacrum (IceCv)
  5 ogre zombies (D:10)
  2 hound skeletons (D:5)
  A howler monkey zombie (D:8)
  6 adders
  18 gnolls
  2 white imps
  An ufetubus (D:5)
  3 worms
  A dart slug (D:4)
  87 orcs
  10 endoplasms
  5 giant cockroaches
  9 goblins
  4 hobgoblins
  2 quokkas
  5 ball pythons
  3 bats
  4 frilled lizards
  A goblin skeleton (D:10)
  3 goblin zombies (D:10)
  A hobgoblin skeleton (D:10)
  A hobgoblin zombie (D:10)
  21 kobolds
  2 orc skeletons (D:10)
  17 orc zombies (D:10)
  3 rats
1921 creatures vanquished.

Vanquished Creatures (collateral kills)
  A bone dragon (Vaults:2)
  A hellephant (Depths:4)
  A titan (Vaults:5)
  A shadow dragon (Vaults:5)
  2 vault wardens (Vaults:5)
  A deep elf annihilator (Elf:3)
  A deep elf death mage (Vaults:5)
  A shambling mangrove (Swamp:3)
  4 deep elf high priests (Elf:3)
  An ice dragon (Depths:4)
  A rakshasa (Depths:1)
  A hydra (Swamp:2)
  A boulder beetle (Spider:4)
  2 hell hogs (Depths:4)
  A tengu warrior (Depths:1)
  3 soul eaters (Depths:1)
  A hell knight (Depths:3)
  A sun demon (Depths:1)
  A wolf spider (Spider:1)
  A tarantella (Spider:1)
  2 culicivoras (Spider:4)
  A redback (Spider:1)
  A swamp worm (Swamp:2)
  A gnoll shaman (Orc:2)
  2 gnolls (Orc:2)
34 creatures vanquished.

Vanquished Creatures (others)
  A draconian knight (Zot:4)
  A fire giant (Depths:3)
  A very ugly thing (Depths:4)
  An eleionoma (Swamp:4)
  A bunyip (Swamp:2)
  A centaur warrior (Vaults:2)
  A pharaoh ant (Spider:4)
  A wizard (Depths:3)
  A deep elf pyromancer (Elf:3)
  3 bloated husks
  A human (Swamp:3)
  2 swamp worms (Swamp:3)
  An orc wizard (D:4)
  10 foxfires (Swamp:4)
  35 fungi
  69 plants
  6 withered plants (Orc:2)
136 creatures vanquished.

Grand Total: 2091 creatures vanquished

Notes
Turn   | Place    | Note
-------+----------+-------------------------------------------
     0 | D:1      | lake5 the Minotaur Berserker began the quest for the Orb.
     0 | D:1      | Reached XP level 1. HP: 19/19 MP: 0/0
   157 | D:1      | Reached XP level 2. HP: 11/27 MP: 1/1
   653 | D:1      | Found a faded altar of an unknown god.
  1077 | D:2      | Reached XP level 3. HP: 25/33 MP: 2/2
  1656 | D:2      | Found Apuw's Assorted Antiques.
  1925 | D:3      | Found a radiant altar of Vehumet.
  2004 | D:3      | Reached ** piety under Trog
  2146 | D:3      | Reached XP level 4. HP: 41/41 MP: 3/3
  2346 | D:3      | Found a hide-covered altar of Uskayaw.
  2522 | D:2      | Bought a clouded pewter ring for 125 gold pieces
  2522 | D:2      | Identified the ring "Giobor" {rPois rN++ Int+6 Dex-4 SInv}
                  | (You bought it in a shop on level 2 of the Dungeon)
  2682 | D:4      | Noticed a bullfrog
  2686 | D:4      | Killed a bullfrog
  2687 | D:4      | Reached XP level 5. HP: 46/47 MP: 4/4
  2715 | D:4      | Found a burning altar of Makhleb.
  2720 | D:4      | Found a glowing silver altar of Zin.
  2720 | D:4      | Noticed an angel
  2721 | D:4      | Noticed a green death
  2802 | D:4      | Noticed Ijyb
  2809 | D:4      | Reached skill level 5 in Fighting
  2812 | D:4      | Reached skill level 5 in Maces & Flails
  2817 | D:4      | Killed Ijyb
  2818 | D:4      | Reached XP level 6. HP: 31/56 MP: 5/5
  3111 | D:4      | Found Lekkotih's Assorted Antiques.
  3621 | D:5      | Entered Level 5 of the Dungeon
  3627 | D:5      | Found a transporter.
  3627 | D:5      | Noticed BecksGhost's ghost (novice GrBe)
  3634 | D:5      | Found a transporter.
  3753 | D:5      | Reached XP level 7. HP: 38/62 MP: 6/6
  3949 | D:5      | Reached skill level 5 in Armour
  4124 | D:5      | Reached skill level 5 in Dodging
  4361 | D:5      | Found a blossoming altar of Fedhas.
  4498 | D:5      | Reached *** piety under Trog
  4898 | D:6      | Identified the +5 trident of the Final Decision {venom,
                  | rElec Str-2 Int+3}
  5046 | D:6      | Reached skill level 1 in Throwing
  5046 | D:6      | Reached XP level 8. HP: 48/71 MP: 7/7
  5117 | D:6      | Reached skill level 1 in Evocations
  5294 | D:6      | Found a bloodstained altar of Trog.
  5299 | D:6      | Identified the +7 scale mail of Nihilism {Will++ Regen+
                  | Stlth+}
  5658 | D:6      | Found a white marble altar of Elyvilon.
  5809 | D:6      | Found an iron altar of Okawaru.
  5960 | D:7      | Found a staircase to the Ecumenical Temple.
  6003 | D:7      | Found a basalt altar of Yredelemnul.
  6068 | D:7      | Found a shimmering altar of Xom.
  6098 | D:7      | Reached XP level 9. HP: 74/81 MP: 8/8
  6490 | D:8      | Reached **** piety under Trog
  6584 | D:8      | Noticed Pikel
  6614 | D:8      | Killed Pikel
  6737 | D:8      | Noticed a two-headed ogre
  6744 | D:8      | HP: 3/82 [two-headed ogre (13)]
  6826 | D:8      | Killed a two-headed ogre
  6995 | D:8      | Reached XP level 10. HP: 91/91 MP: 9/9
  7163 | D:8      | Identified the +5 flail "Hohureh" {holy, Dex+2}
  7446 | D:9      | Noticed a centaur warrior
  7457 | D:9      | Killed a centaur warrior
  7530 | D:9      | Reached ***** piety under Trog
  7640 | D:9      | Identified the +2 dagger of Kipiruopn {holy, Contam rN+
                  | Int+3 Stlth+}
  7960 | D:9      | Found an ornate altar of the Wu Jian Council.
  7993 | D:10     | Entered Level 10 of the Dungeon
  8038 | D:10     | Noticed Urug
  8038 | D:10     | Noticed a two-headed ogre
  8072 | D:10     | Killed a two-headed ogre
  8073 | D:10     | Reached skill level 10 in Fighting
  8073 | D:10     | Reached skill level 10 in Maces & Flails
  8081 | D:10     | Killed Urug
  8231 | D:10     | Noticed a molten gargoyle
  8240 | D:10     | Killed a molten gargoyle
  8311 | D:10     | Noticed a molten gargoyle
  8311 | D:10     | Noticed a molten gargoyle
  8337 | D:10     | Killed a molten gargoyle
  8413 | D:10     | Killed a molten gargoyle
  8414 | D:10     | Reached skill level 10 in Armour
  8458 | D:10     | Noticed a molten gargoyle
  8471 | D:10     | Killed a molten gargoyle
  8472 | D:10     | Reached XP level 11. HP: 44/101 MP: 10/10
  8570 | D:10     | Found a staircase to the Orcish Mines.
  8645 | D:10     | Identified the +1 pair of boots "Cidatreaw" {Will+ Dex+3}
  8922 | D:10     | Found a staircase to the Lair.
  9378 | Lair:1   | Entered Level 1 of the Lair of Beasts
  9409 | Lair:1   | Reached skill level 10 in Dodging
  9621 | Lair:1   | Noticed a five-headed hydra
  9624 | Lair:1   | Received a gift from Trog
  9635 | Lair:1   | Killed a five-headed hydra
  9770 | Lair:1   | Identified a scroll of acquirement
 10387 | Lair:1   | Reached XP level 12. HP: 111/111 MP: 11/11
 10447 | Lair:2   | Found a frozen archway.
 10475 | Lair:2   | Reached skill level 1 in Shields
 10487 | IceCv    | Entered an ice cave
 10770 | Lair:2   | Identified the +9 long sword of Cash {vamp, rCorr Dex+4}
 11676 | Lair:3   | Found a hole to the Spider Nest.
 11811 | Lair:3   | Reached skill level 5 in Throwing
 11890 | Lair:3   | Noticed Nergalle
 11906 | Lair:3   | Killed Nergalle
 12908 | Lair:4   | Noticed a seven-headed hydra
 12920 | Lair:4   | Killed a seven-headed hydra
 12921 | Lair:4   | Reached skill level 5 in Evocations
 12946 | Lair:4   | Found a staircase to the Swamp.
 13065 | Lair:4   | Reached XP level 13. HP: 105/122 MP: 12/12
 13611 | Orc:1    | Entered Level 1 of the Orcish Mines
 13653 | Orc:1    | Noticed an orc warlord
 13655 | Orc:1    | Noticed an orc warlord
 13708 | D:10     | Killed an orc warlord
 14114 | D:10     | Killed an orc warlord
 14114 | D:10     | Received a gift from Trog
 14115 | D:10     | Reached skill level 5 in Shields
 14859 | Orc:1    | You fall into a shaft and drop 1 floor!
 14859 | Orc:2    | Entered Level 2 of the Orcish Mines
 15094 | Orc:2    | Noticed an orc warlord
 15121 | Orc:2    | Killed an orc warlord
 15165 | Orc:2    | Received a gift from Trog
 15474 | Orc:2    | Found Lobbir's Distillery.
 15534 | Orc:2    | Bought a potion of lignification for 36 gold pieces
 15534 | Orc:2    | Bought a potion of curing for 36 gold pieces
 15534 | Orc:2    | Bought a potion of brilliance for 48 gold pieces
 15534 | Orc:2    | Bought a potion of berserk rage for 60 gold pieces
 15570 | Orc:2    | Noticed Nessos
 15605 | Orc:2    | Killed Nessos
 15761 | Orc:2    | Found a staircase to the Elven Halls.
 15888 | Orc:2    | Found a runed translucent gate.
 15974 | Orc:2    | Found a runed translucent gate.
 15975 | Orc:2    | Found a runed translucent gate.
 15976 | Orc:2    | Noticed Lemondrips's ghost (journeyman GrBe)
 15976 | Orc:2    | Noticed browni3141's ghost (journeyman MiBe)
 16094 | Orc:2    | Noticed Rupert
 16107 | Orc:2    | Killed Rupert
 16108 | Orc:2    | Reached XP level 14. HP: 133/133 MP: 13/13
 16704 | Orc:2    | Found Becoocoh's Antique Armour Emporium.
 16705 | Orc:2    | Found Xuro's Antique Weapon Emporium.
 16708 | Orc:2    | Found Agai's General Store.
 16708 | Orc:2    | Found Paazid's Book Shoppe.
 16747 | Orc:2    | Bought a scroll of identify for 24 gold pieces
 16747 | Orc:2    | Bought a scroll of fog for 24 gold pieces
 16764 | Orc:2    | Bought a glowing hand crossbow for 182 gold pieces
 17535 | Swamp:1  | Entered Level 1 of the Swamp
 17621 | Swamp:1  | Received a gift from Trog
 17667 | Swamp:1  | Reached skill level 1 in Crossbows
 18087 | Swamp:1  | Reached skill level 15 in Fighting
 18224 | Swamp:1  | Noticed a tentacled monstrosity
 18239 | Swamp:1  | Killed a tentacled monstrosity
 18798 | Swamp:2  | Reached skill level 15 in Armour
 20171 | Swamp:3  | HP: 4/136 [spriggan rider (6)]
 20938 | Swamp:3  | Noticed Kirke
 20946 | Swamp:3  | Killed Kirke
 20947 | Swamp:3  | Reached XP level 15. HP: 111/144 MP: 14/14
 21202 | Spider:1 | Entered Level 1 of the Spider Nest
 21254 | Spider:1 | Found a runed translucent door.
 21259 | Spider:1 | Noticed GilGalad's ghost (journeyman MiFi)
 21260 | Spider:1 | Noticed Roxanne
 21711 | Spider:1 | Noticed an emperor scorpion
 21727 | Spider:1 | Killed an emperor scorpion
 21820 | Spider:1 | Noticed an emperor scorpion
 21825 | Spider:1 | Received a gift from Trog
 21831 | Spider:1 | Killed an emperor scorpion
 21843 | Spider:1 | Reached skill level 15 in Dodging
 22263 | Spider:1 | Reached skill level 5 in Crossbows
 22523 | Spider:1 | Noticed Asterion
 22543 | Spider:1 | Killed Asterion
 22960 | Spider:1 | Killed Roxanne
 23381 | Spider:2 | Noticed Agnes
 23409 | Spider:1 | Killed Agnes
 23503 | Spider:2 | Noticed Jorgrun
 23520 | Spider:2 | Killed Jorgrun
 24052 | Spider:2 | Received a gift from Trog
 24996 | Spider:3 | Noticed Aizul
 25128 | Spider:3 | Reached XP level 16. HP: 155/155 MP: 15/15
 25626 | Spider:3 | Killed Aizul
 25969 | Spider:3 | Received a gift from Trog
 26873 | Swamp:4  | Entered Level 4 of the Swamp
 26965 | Swamp:4  | Noticed Mara
 26975 | Swamp:4  | Noticed lake5's illusion
 26992 | Swamp:4  | Killed Mara
 27762 | Swamp:4  | Received a gift from Trog
 27773 | Swamp:4  | Noticed a thorn hunter
 27793 | Swamp:4  | Killed a thorn hunter
 28324 | Swamp:4  | Got a decaying rune of Zot
 28631 | Spider:4 | Entered Level 4 of the Spider Nest
 28795 | Spider:4 | Reached XP level 17. HP: 135/168 MP: 16/16
 29931 | Spider:4 | Received a gift from Trog
 30676 | Spider:4 | Noticed Nikola
 30729 | Spider:4 | Killed Nikola
 30990 | Spider:4 | Got a gossamer rune of Zot
 31201 | D:10     | Acquired an amulet of reflection
 31822 | D:11     | Found a gate leading to a gauntlet.
 32726 | D:12     | Found a transporter.
 32971 | D:12     | Noticed Tinen's ghost (journeyman TrMo)
 32972 | D:12     | Found a transporter.
 33093 | D:12     | Reached ****** piety under Trog
 33275 | D:12     | Found Dadghae's General Store.
 33283 | D:12     | Bought 2 potions of mutation for 240 gold pieces
 33283 | D:12     | Bought a scroll of blinking for 112 gold pieces
 33285 | D:12     | Bought a scroll of identify for 30 gold pieces
 33285 | D:12     | Bought a scroll of identify for 30 gold pieces
 33689 | D:13     | Noticed Erolcha
 33701 | D:13     | Killed Erolcha
 33719 | D:13     | Found a runed translucent gate.
 33719 | D:13     | Found a runed translucent gate.
 33770 | D:13     | Found a runed translucent gate.
 33770 | D:13     | Noticed qdestroyer's ghost (journeyman MiFi)
 33858 | D:13     | Noticed Snorg
 33883 | D:13     | Killed Snorg
 34062 | D:13     | Received a gift from Trog
 34129 | D:13     | Reached XP level 18. HP: 131/180 MP: 17/17
 34201 | D:13     | Found a hazy altar of Hepliaklqana.
 34204 | D:13     | Found a faded altar of an unknown god.
 34864 | D:14     | Identified the +5 long sword "Aloxta" {drain, Dex+2}
 34884 | D:14     | Identified the +1 trident "Maynovvu" {venom, rN+ Will+
                  | Dex+4}
 35130 | D:14     | Found a gate to the Vaults.
 35272 | D:14     | Found a portal to a secret trove of treasure.
 35459 | D:15     | Entered Level 15 of the Dungeon
 36264 | D:15     | Received a gift from Trog
 36415 | D:15     | Found a staircase to the Depths.
 36607 | Vaults:1 | Entered Level 1 of the Vaults
 36988 | Vaults:1 | Found a flickering gateway to a bazaar.
 36999 | Bazaar   | Entered a bazaar
 37003 | Bazaar   | Found Gaifi's Jewellery Boutique.
 37021 | Bazaar   | Found Viesi's Book Shoppe.
 37038 | Bazaar   | Found Xayromn's Distillery.
 37043 | Bazaar   | Bought a potion of heal wounds for 60 gold pieces
 37043 | Bazaar   | Bought a potion of flight for 36 gold pieces
 37060 | Bazaar   | Found Jonib's Antique Armour Emporium.
 37124 | Bazaar   | Bought a potion of haste for 120 gold pieces
 37124 | Bazaar   | Bought 2 potions of haste for 240 gold pieces
 37124 | Bazaar   | Bought a potion of haste for 120 gold pieces
 37142 | Bazaar   | Bought a shiny plate armour for 390 gold pieces
 37341 | Vaults:1 | Identified the +5 spear "Bingo" {freeze, SInv}
 37424 | Vaults:1 | You fall into a shaft and drop 1 floor!
 37599 | Vaults:2 | Noticed a bone dragon
 37615 | Vaults:2 | Killed a bone dragon
 37957 | Vaults:2 | Received a gift from Trog
 38511 | Vaults:2 | Reached XP level 19. HP: 111/191 MP: 18/18
 38643 | Vaults:2 | Reached skill level 10 in Shields
 39727 | Vaults:2 | Found a staircase to the Crypt.
 39909 | Vaults:2 | Received a gift from Trog
 40859 | Vaults:3 | Noticed Xtahua
 40873 | Vaults:3 | Killed Xtahua
 42262 | Vaults:4 | Received a gift from Trog
 42989 | Vaults:4 | Found Aqot's Jewellery Shoppe.
 43044 | Vaults:4 | Reached XP level 20. HP: 188/202 MP: 19/19
 43795 | Vaults:4 | Noticed Donald
 43802 | Vaults:4 | Killed Donald
 44261 | Elf:1    | Entered Level 1 of the Elven Halls
 44957 | Elf:1    | Found a gateway to a bazaar.
 44975 | Bazaar   | Entered a bazaar
 44987 | Bazaar   | Found Ugiaf's Magic Scroll Shop.
 44995 | Bazaar   | Bought a scroll of summoning for 95 gold pieces
 44995 | Bazaar   | Bought a scroll of enchant armour for 75 gold pieces
 44995 | Bazaar   | Bought a scroll of fear for 35 gold pieces
 45001 | Bazaar   | Found Juvun's Antique Armour Emporium.
 45047 | Bazaar   | Found Musmycivag's Antique Armour Shop.
 45061 | Bazaar   | Found Nuuck's Antique Weapon Shoppe.
 45076 | Bazaar   | Found Edavopam's Antique Armour Shop.
 45556 | Elf:2    | Received a gift from Trog
 45700 | Elf:2    | Found an ancient bone altar of Kikubaaqudgha.
 45810 | Elf:2    | Identified the +1 chain mail of Protective Custody {*Slow
                  | Str+5}
 46127 | Elf:2    | Found a runed translucent gate.
 46127 | Elf:2    | Found a runed translucent gate.
 46127 | Elf:2    | Found a runed translucent gate.
 46958 | Orc:2    | Killed Lemondrips's ghost
 46970 | Orc:2    | Killed browni3141's ghost
 47144 | D:13     | Killed qdestroyer's ghost
 47159 | D:13     | Received a gift from Trog
 47178 | D:13     | Identified the +6 spear of the Shouting Big Fish {speed,
                  | +Blink Str+4}
 47776 | Spider:1 | Killed GilGalad's ghost
 48078 | Depths:1 | Entered Level 1 of the Depths
 48151 | Depths:1 | Identified the +5 ring mail "Dame" {rF+ Str+2 Stlth-}
 48293 | Depths:1 | Found Jyeph's Serpentskin Sales.
 48872 | Depths:1 | Reached XP level 21. HP: 213/213 MP: 20/20
 49254 | Depths:1 | Found a gateway to Hell.
 49415 | Depths:1 | Received a gift from Trog
 49837 | Depths:2 | Found the +5 robe of Misfortune {Harm *Corrode *Slow EV+5}
 50051 | Depths:2 | Found a one-way gate to the infinite horrors of the Abyss.
 50116 | Depths:2 | Reached skill level 15 in Shields
 50512 | Depths:2 | Found a one-way gate leading to the halls of Pandemonium.
 50853 | Depths:2 | Received a gift from Trog
 52376 | Depths:4 | Entered Level 4 of the Depths
 52518 | Depths:3 | Received a gift from Trog
 53248 | Depths:4 | Reached XP level 22. HP: 97/224 MP: 21/21
 53445 | Depths:4 | Found Zuomnait's Self-Improvement Boutique.
 53631 | Depths:4 | Bought a manual of Dodging for 1200 gold pieces
 53653 | Depths:4 | Found a gate to the Realm of Zot.
 53731 | Depths:4 | Found a bloodstained altar of Trog.
 53734 | Depths:4 | Noticed a juggernaut
 53737 | Depths:4 | Found a transporter.
 53750 | Depths:4 | Found a transporter.
 53751 | Depths:4 | Noticed xzight's ghost (legendary MiBe)
 53780 | Depths:4 | Found a one-way gateway to a ziggurat.
 53873 | Depths:4 | Received a gift from Trog
 54330 | Depths:4 | Found a white marble altar of Elyvilon.
 55092 | Elf:3    | Entered Level 3 of the Elven Halls
 55669 | Elf:3    | Received a gift from Trog
 56119 | Elf:3    | Identified the +0 battleaxe of Bodily Humours {antimagic,
                  | Str+3}
 56119 | Elf:3    | Identified the ring of Tiuts {rElec rPois rF+ Int-4 Dex+6}
 56441 | Elf:3    | Identified the ring "Tozeant" {Str+6 Stlth+}
 56698 | Elf:3    | Identified the ring of Ylum {rF+ Str+3 Int-3}
 56784 | Elf:3    | Identified the ring of Rezics {rElec rC+ rN+++ SInv Stlth-}
 56860 | Elf:3    | Identified the +1 short sword of Jiahath {vorpal, rF+ rN+
                  | Str+3}
 58410 | Vaults:5 | Entered Level 5 of the Vaults
 58417 | Vaults:5 | Noticed an ancient lich
 58425 | Vaults:4 | Received a gift from Trog
 58872 | Vaults:4 | Killed an ancient lich
 59136 | Vaults:4 | Reached XP level 23. HP: 153/235 MP: 22/22
 59407 | Vaults:5 | Received a gift from Trog
 59487 | Vaults:5 | Found the +3 robe of Clouds {*Thunder rCloud rElec}
 59881 | Vaults:5 | Noticed an ancient lich
 60517 | Vaults:5 | Identified the +2 hand crossbow of Cocytus {venom, Stlth+}
 60912 | Vaults:5 | Killed an ancient lich
 61018 | Vaults:5 | Identified the +7 war axe of Harmony {protect, Will+ MP+9
                  | Dex+4}
 61028 | Vaults:5 | Received a gift from Trog
 61224 | Vaults:5 | Identified the +7 chain mail of Distant Shores {rElec rC+
                  | rCorr Str-3}
 61600 | Vaults:5 | Got a silver rune of Zot
 62639 | D:14     | You paid a toll of +3 shadow dragon scales to enter a
                  | treasure trove
 62640 | Trove    | Entered a treasure trove
 62654 | Trove    | Identified the +9 mace of Defiance {drain, rC+ rCorr}
 62655 | Trove    | Identified the ring of Psychosis {rF+ rN+ Will+ rCorr
                  | Dex-5}
 62657 | Trove    | Identified the ring of Ahumpuim {Wiz rPois rF+ rC+++ Str-2}
 62661 | Trove    | Identified the +0 hat "Jirim" {rC+}
 62668 | Trove    | Identified the amulet "Quciaci" {Spirit Dex+5}
 62880 | Zot:1    | Entered Level 1 of the Realm of Zot
 65684 | Zot:2    | Reached XP level 24. HP: 247/247 MP: 22/22
 66038 | Zot:2    | Noticed a Killer Klown
 66051 | Zot:2    | Killed a Killer Klown
 66057 | Zot:2    | Noticed a Killer Klown
 66073 | Zot:2    | Killed a Killer Klown
 66329 | Zot:3    | Received a gift from Trog
 66458 | Zot:3    | Noticed a shard shrike
 66588 | Zot:3    | Killed a shard shrike
 67277 | Zot:3    | Reached skill level 27 in Fighting
 67541 | Zot:3    | Reached skill level 27 in Armour
 68186 | Zot:4    | Reached skill level 27 in Dodging
 68992 | Zot:4    | Received a gift from Trog
 70274 | Zot:5    | Entered Level 5 of the Realm of Zot
 71417 | Zot:5    | Reached XP level 25. HP: 257/257 MP: 22/22
 71587 | Zot:5    | Identified the +7 morningstar "Poisk" {flame, *Rage rPois
                  | rCorr Str+4} (Trog gifted it to you on level 5 of the Realm
                  | of Zot)
 71587 | Zot:5    | Received a gift from Trog
 71590 | Zot:5    | Noticed an ancient lich
 71591 | Zot:5    | Noticed an ancient lich
 71606 | Zot:5    | Killed an ancient lich
 71617 | Zot:5    | Killed an ancient lich
 71729 | Zot:5    | Noticed an ancient lich
 71774 | Zot:5    | Killed an ancient lich
 71845 | Zot:5    | Noticed a dread lich
 71848 | Zot:5    | Noticed an orb of fire
 71880 | Zot:5    | Noticed an orb of fire
 71889 | Zot:5    | Gained mutation: You do not regenerate when monsters are
                  | visible. [an orb of fire]
 71890 | Zot:5    | Noticed an orb of fire
 71896 | Zot:5    | Gained mutation: You are dopey. (Int -2) [an orb of fire]
 71908 | Zot:5    | Gained mutation: You are very dopey. (Int -4) [an orb of
                  | fire]
 71909 | Zot:5    | Gained mutation: You tend to lose your temper in combat.
                  | [an orb of fire]
 71911 | Zot:5    | Killed from afar by an orb of fire

Illustrated notes

Levels and vault maps discovered:
D:1:      mushboom_english_gardens, layout_loops_ring,
          hellmonk_ecumenical_altar_blasted
D:2:      layout_basic, serial_shops, nicolae_shop_crystal,
          minmay_fractal_squares_5
D:3:      layout_basic, nicolae_uskayaw_suspiria, nicolae_vehumet_radiance
D:4:      layout_basic, grunt_temple_overflow_order_and_chaos_2,
          serial_bayou_pond_c, nicolae_take_the_stairs, serial_park_tiny_2,
          serial_bayou_lake_a, uniq_ijyb
D:5:      layout_gridville, fedhas_altar_3, gammafunk_ghost_mausoleum
D:6:      layout_cave_pools, okawaru_altar_gauntlet_db, lemuel_doored_altar,
          trog_book
D:7:      layout_basic, mainiacjoe_overflow_alcove_1, old_standard_altar,
          temple_pool_b, chequers_serial_rivers_micro_a, chequers_jeans
D:8:      nicolae_cairo_tiling_large_dashed, layout_loops_ring,
          serial_bayou_pond_c, uniq_pikel
D:9:      layout_rooms, nicolae_wu_jian_glorious_leap
D:10:     layout_loops_ring, david_lair_shrubbed, zombieorc2_lemuel,
          minivault_8, uniq_urug
D:11:     minmay_glassy_protrusions, layout_basic, gauntlet_entry_generic
D:12:     layout_rooms, nzn_ghost_randoct, serial_shops, nicolae_shop_stone,
          hangedman_tell_no_tales
D:13:     minmay_stepped, layout_irregular_city, gammafunk_ghost_necromancy,
          beargit_hepliaklqana_dungeon_heroes, uniq_erolcha, uniq_snorg
D:14:     layout_cave_pools, erik_vaults_1, kennysheep_doodads,
          serial_column_ruins, column_ruins_hut_ruined, column_ruins_hut,
          column_ruins_columns_plus, column_ruins_corridor_corner,
          column_ruins_columns_straight, column_ruins_open_small,
          column_ruins_open_small, column_ruins_columns_straight,
          trove_entry_hex_spiral
D:15:     hangedman_depths_entry_civil_slaughter, layout_irregular_city,
          st_stairs_4
Lair:1:   layout_small_grid, grunt_megastairs_2
Lair:2:   layout_hall_layers, portal_ice_cave_demonic_guard,
          serial_bayou_shore_a
Lair:3:   layout_chaotic_city, nicolae_spider_entry_orb_guardian, uniq_nergalle
Lair:4:   layout_cave_pods, swamp_mist, nzn_random_ring, grunt_megastairs_3
Swamp:1:  layout_basic_swamp, evilmike_swamp_ruin_house_3, swamp_pool5,
          nicolae_swamp_trees_clearing
Swamp:2:  layout_basic_swamp, evilmike_swamp_ruin_house_1, swamp_pool5
Swamp:3:  layout_basic_swamp, hangedman_swamp_ruin_wall, uniq_kirke
Swamp:4:  swamp_alternative, layout_basic_swamp, swamp_pool3,
          cheibrodos_swamp_witchery, uniq_mara
Spider:1: nicolae_spider_hilbert_zone_5 [nicolae_spider_hilbert_3_sides_1_open,
          nicolae_spider_hilbert_4_sides_1_open,
          nicolae_spider_hilbert_4_sides_1_open,
          nicolae_spider_hilbert_6_sides_1_open,
          nicolae_spider_hilbert_6_sides_1_open], ebering_ghost_inner_flame,
          hellmonk_narrow_tunnel, uniq_roxanne, uniq_asterion
Spider:2: layout_spider_delve, beargit_elvish_explorers, uniq_agnes,
          uniq_jorgrun
Spider:3: layout_spider_delve, uniq_aizul
Spider:4: hellmonk_spider_rune_bug_friends, uniq_nikola
Orc:1:    layout_caves
Orc:2:    st_orc_congregation, layout_caves, gammafunk_ghost_cemetery,
          serial_shops, shop, nicolae_volcano_entry_vermiform, basic_altar,
          uniq_rupert, uniq_nessos
Elf:1:    layout_loops_cross, serial_shops, bzr_entry_road,
          minmay_elf_necromancy, minivault_25_ag, serial_sigils_hangedman_scar,
          lemuel_upstairs_altar
Elf:2:    nicolae_elf_blades_splatter_lattice [nicolae_blade_entry_pointy_end],
          layout_geoelf_octagon, basic_altar, fountainhead
Elf:3:    minmay_elf_hall_furrowed, layout_geoelf_diagonals,
          nicolae_elf_glassroom_feature
Vaults:1: vaults_dpeg_cross, nicolae_vaults_ring_of_whatevers, v_misc_28,
          vaults_room_pool, v_misc_13, v_misc_18, v_misc_31,
          layout_vaults_chaotic_city, serial_shops, bzr_entry_islet
Vaults:2: minmay_crypt_entry_nasty_monster, hangedman_vaults_locks,
          nicolae_vaults_windows_and_doors_thing, hangedman_vaults_capsules,
          v_misc_33, st_smaller_cells, ontoclasm_vaults_ligature,
          nicolae_vaults_angled_halls, nicolae_vaults_network_periphery,
          hangedman_vaults_river_flow, ontoclasm_vaults_tryst,
          nicolae_vaults_little_squares_6, layout_vaults_omnibox
Vaults:3: hangedman_vaults_corner_blocks, nicolae_vaults_ring_of_whatevers,
          v_pattern_4, vaults_standard_mumra_x, v_misc_29, vaults_mumra_hexcomb,
          vaults_mumra_chevron, v_misc_33, nicolae_vaults_little_squares_5,
          nicolae_vaults_little_squares_6, layout_vaults_ring, uniq_xtahua
Vaults:4: ontoclasm_vaults_loading_screen, v_alt_pattern_4,
          nicolae_vaults_little_squares_1, vaults_mumra_lcd, v_misc_3,
          v_rooms_2, nicolae_vaults_diagonal_hallway_8,
          nicolae_vaults_border_crossing, layout_vaults_omnigrid, serial_shops,
          shop_fountains, uniq_donald
Vaults:5
Depths:1: layout_roguey, hellmouth_3, minmay_misc_feat_room, minmay_door_square,
          amcnicky_mini_rare_corridor_liquid, st_stairs_3, guppyfry_shop_venom
Depths:2: kennysheep_blocky_room, layout_gridville, grunt_pan_entry_sceptre,
          hell_entry, abyss_entry
Depths:3: lemuel_troll_bridge, layout_cave_pools, grunt_hell_entry_dis_mu,
          abyss_entry, serial_bayou_pond_a
Depths:4: grunt_zot_entry_alcove, layout_basic, enter_ziggurat_e,
          nicolae_elyvilon_temple_path, gammafunk_ghost_wrathful_warriors,
          grunt_hell_horde, abyss_entry, nicolae_shop_self_help
Zot:1:    grunt_zot_stairs_overgrown, layout_twisted_circle
Zot:2:    circus_mu, layout_gridlike, hangedman_zot_wheel_spokes
Zot:3:    layout_basic, hangedman_elemental_grid_stream
Zot:4:    layout_cellular_growth, lemuel_elevator
Zot:5:    layout_gridlike, st_stairs_10, bh_zot_ikea_curve

Skill      XL: |  1  2  3  4  5  6  7  8  9 10 11 12 13 14 15 16 17 18 19 20 21 22 23 24 25 |
---------------+----------------------------------------------------------------------------+-----
Fighting       | 4 5 6 7 9 10 11 13 14 16 17 19 20 21 22 23 24 25 26 27 | 27.0
Maces & Flails | 4 5 6 7 9 10 11 12 | 12.0
Armour         | 3 4 5 7 8 10 11 12 14 15 17 18 20 21 22 23 24 25 26 27 | 27.0
Dodging        | 3 4 5 6 8 9 10 11 13 14 16 17 18 19 20 21 22 24 26 27 | 27.0
Throwing       | 1 2 4 5 |  5.0
Evocations     | 1 2 3 5 6 7 9 |  9.9
Shields        | 4 6 9 12 14 16 17 19 21 | 21.5
Crossbows      | 4 5 6 7 |  7.6

Action                   |  1- 3 |  4- 6 |  7- 9 | 10-12 | 13-15 | 16-18 | 19-21 | 22-24 | 25-27 || total
-------------------------+-------+-------+-------+-------+-------+-------+-------+-------+-------++-------
Melee: Mace              |    75 |   103 |     2 |       |       |       |       |       |       ||   180
       Headbutt          |    11 |    14 |    58 |   171 |   302 |   559 |   633 |   751 |    50 ||  2549
       Punch             |     1 |     1 |     3 |     4 |       |       |       |       |       ||     9
       Flail             |       |       |   116 |   523 |   306 |       |       |       |       ||   945
       Whip              |       |       |   199 |   106 |       |       |       |       |       ||   305
       Dire flail        |       |       |       |    19 |       |       |       |       |       ||    19
       Demon whip        |       |       |       |       |   967 |  1820 |  2045 |  2156 |   128 ||  7116
 Fire: Hand crossbow     |       |       |       |       |   107 |    89 |    52 |   235 |       ||   483
Throw: Dart              |       |       |     3 |    27 |    10 |       |       |       |       ||    40
Invok: Berserk           |       |     2 |     3 |     3 |    15 |     9 |    17 |     9 |       ||    58
       Brothers in Arms  |       |       |       |       |     4 |     3 |     4 |     7 |       ||    18
Evoke: Box of beasts     |       |       |       |       |       |       |       |     1 |       ||     1
       Phial of floods   |       |       |       |       |       |       |       |     1 |       ||     1
       Condenser vane    |       |       |       |       |       |       |       |     1 |       ||     1
  Use: Scroll            |       |       |       |    12 |     7 |    12 |     7 |     9 |       ||    47
       Potion            |       |       |       |       |     6 |       |     1 |       |       ||     7
 Stab: Distracted        |       |       |       |       |       |       |     2 |       |       ||     2
       Sleeping          |       |       |       |       |       |       |       |     1 |       ||     1
Armor: Chain mail        |    42 |    54 |    45 |       |       |       |       |       |       ||   141
       Scale mail        |       |       |   106 |   201 |   478 |   598 |   455 |   383 |    13 ||  2234
Dodge: Dodged            |    35 |    47 |   198 |   344 |   834 |  1028 |   788 |  1018 |    26 ||  4318
Block: Buckler           |       |       |       |    52 |   322 |   398 |   157 |       |       ||   929
       Tower shield      |       |       |       |       |       |    73 |   974 |  2081 |    70 ||  3198
       Reflection        |       |       |       |       |       |     4 |    28 |   111 |     1 ||   144
